 Dungeon Crawl Stone Soup version 0.31-a0-234-gad7ace16ef (webtiles) character file.

Game seed: 14076841062008975824

290 qw the Shooter (level 6, 0/51 HPs)
             Began as a Minotaur Hexslinger on July 9, 2023.
             Slain by a quokka (2 damage)
             ... on level 2 of the Dungeon.
             The game lasted 00:00:36 (1272 turns).

qw the Shooter (Minotaur Hexslinger)                Turns: 1272, Time: 00:00:37

Health: 0/51       AC:  9    Str: 12    XL:     6   Next: 9%
Magic:  6/6        EV: 12    Int: 10    God:
Gold:   25         SH:  0    Dex: 15    Spells: 6/7 levels left

rFire   . . .        Y - +2 sling
rCold   + . .        (no shield)
rNeg    . . .        j - +2 leather armour {rC+}
rPois   .            (helmet restricted)
rElec   .            (no cloak)
rCorr   .            (no gloves)
SInv    .            (no boots)
Will    .....        (no amulet)
Stlth   +            f - +4 ring of protection
HPRegen 0.28/turn    (no ring)
MPRegen 0.10/turn

%: no passive effects
@: no status effects
A: horns 2, retaliatory headbutt
a: no special abilities


You were on level 2 of the Dungeon.
You visited 1 branch of the dungeon, and saw 2 of its levels.

You collected 25 gold pieces.


Innate Abilities, Weirdness & Mutations

You have a pair of horns on your head.
You reflexively headbutt those who attack you in melee.


   Skills:
 + Level 3.0 Fighting
 - Level 6.5 Ranged Weapons
 - Level 2.1 Dodging
 - Level 1.0 Spellcasting
 - Level 2.0 Hexes


You had 6 spell levels left.
You knew the following spells:

 Your Spells              Type           Power      Damage    Failure   Level
a - Slow                  Hex            16%        N/A       19%         1

Your spell library contained the following spells:

 Spells                   Type           Power      Damage    Failure   Level
 Inner Flame              Hex/Fire       2%         N/A       65%         3
 Portal Projectile        Hex/Tloc       4%         N/A       65%         3
 Cause Fear               Hex            2%         N/A       88%         4

Inventory:

Hand Weapons
 Y - a +2 sling (weapon)
Armour
 j - a +2 leather armour of cold resistance (worn)
Jewellery
 f - a +4 ring of protection (left hand)
Scrolls
 a - 4 scrolls of identify
Potions
 d - a potion of resistance
 e - a potion of attraction {unknown}
 i - a potion of might

Dungeon Overview and Level Annotations

Branches:
Dungeon (2/15)

Altars:

Shops:
D:2 *:!


Message History

The goblin misses you.
You shoot a sling bullet.
The sling bullet closely misses Natasha.
The sling bullet hits the plant.
The plant is lightly damaged.
Natasha closely misses you. You furiously retaliate!
You headbutt Natasha!
You kill Natasha!
Natasha screams in fury as she dies!
The gnoll hits you with a +0 whip. The goblin hits you but does no damage.
The gnoll hits you from afar with a +0 spear.
You have reached level 6!
You shoot a sling bullet. The sling bullet hits the gnoll.
The gnoll is almost dead.
A nearby plant withers and dies.
The adder barely misses you. The goblin hits you but does no damage.
The gnoll barely misses you. The gnoll hits you with a +0 whip.
You shoot a sling bullet. The sling bullet hits the gnoll.
You kill the gnoll!
The adder bites you but does no damage. The goblin hits you but does no damage.
The gnoll hits you but does no damage. The adder bites you but does no damage.
You shoot a sling bullet. The sling bullet hits the adder.
The adder is heavily wounded.
The giant cockroach bites you but does no damage.
The goblin closely misses you. You furiously retaliate!
You headbutt the goblin.
You kill the goblin!
The gnoll hits you from afar with a +0 spear!
The adder misses you.
You shoot a sling bullet. The sling bullet hits the adder!
You kill the adder!
The giant cockroach closely misses you.
The gnoll hits you from afar with a +0 spear.
The giant cockroach misses you. The quokka barely misses you.
Your Fighting skill increases to level 3!
You shoot a sling bullet.
The sling bullet barely misses the quokka.
The sling bullet hits the gnoll.
The gnoll is moderately wounded.
The gnoll hits you from afar with a +0 spear.
The rat misses you. The quokka bites you.
You die...

#.....77P.P...777
#.##.7.).777777P7
#.##.#7P...7.7P777.7
#.##.#P...7.P.7..P7
#.##..#P77777..P77
###.##..#P.P7..77..7 #
....###.#7.7PP...7777¤¤#
##### .7.P..P7r....¤7
7.P.7..B@P..7.7 #
7.77..7.r77777 # .
7P...gr. # 7..P..). #
7P........ # P....#..8P
.# 7.......7. .# 7.# ..#
.#


You could see a gnoll, 2 quokkas, a giant cockroach and a rat.

Vanquished Creatures
  Sigmund (D:2)
  Natasha (twice) (D:2)
  2 gnolls
  An adder (D:2)
  A worm (D:2)
  A dart slug (D:1)
  2 bats
  5 endoplasms (D:1)
  4 giant cockroaches (D:1)
  4 goblins
  2 hobgoblins (D:1)
  6 jackals (D:1)
  5 kobolds
  2 quokkas
  3 ball pythons (D:1)
  2 rats (D:1)
43 creatures vanquished.

Notes
Turn   | Place    | Note
-------+----------+-------------------------------------------
     0 | D:1      | qw the Minotaur Hexslinger began the quest for the Orb.
     0 | D:1      | Reached XP level 1. HP: 16/16 MP: 1/1
     0 | D:1      | 0 ||| qw: Version: 0.3-a-51-g015441d
     0 | D:1      | 0 ||| qw: Game counter: 4265
     0 | D:1      | 0 ||| qw: Melee chars always use a shield: true
     0 | D:1      | 0 ||| qw: God list: Okawaru
     0 | D:1      | 0 ||| qw: Allow faded altars: false
     0 | D:1      | 0 ||| qw: Do Orc after clearing Dungeon:15 true
     0 | D:1      | 0 ||| qw: Do second Lair branch before Depths: true
     0 | D:1      | 0 ||| qw: Lair rune preference: random
     0 | D:1      | 0 ||| qw: Goals: Normal
     0 | D:1      | 0 ||| PLANNING D:1-11
    96 | D:1      | Reached skill level 3 in Ranged Weapons
    97 | D:1      | Reached XP level 2. HP: 23/23 MP: 2/2
   421 | D:1      | Reached XP level 3. HP: 16/29 MP: 3/3
   621 | D:1      | Reached skill level 4 in Ranged Weapons
   990 | D:1      | 990 ||| UPGRADING to +2 leather armour of cold resistance.
  1000 | D:1      | 1000 ||| DROPPING +0 robe.
  1001 | D:1      | 1001 ||| UPGRADING to +4 ring of protection.
  1002 | D:1      | 1002 ||| READING 3 scrolls labelled LIEHETUCLO.
  1003 | D:1      | 1003 ||| READING scroll labelled ILIWKE YNAUGO.
  1057 | D:1      | 1057 ||| READING scroll labelled YTA UKENUF.
  1061 | D:1      | 1061 ||| READING scroll labelled LURCHOIZEN.
  1062 | D:1      | 1062 ||| READING scroll labelled YBBEECW COXEST.
  1063 | D:1      | 1063 ||| READING 2 scrolls labelled IMPUMP ESUI.
  1064 | D:1      | 1064 ||| READING scroll labelled YHUZYM EMPEBI.
  1065 | D:1      | 1065 ||| DRINKING 2 silvery potions.
  1066 | D:1      | 1066 ||| READING 2 scrolls of identify.
  1066 | D:1      | 1066 ||| IDENTIFYING fizzy puce potion
  1067 | D:1      | 1067 ||| DROPPING scroll of poison.
  1068 | D:1      | 1068 ||| DROPPING scroll of vulnerability.
  1104 | D:2      | Found Orumu's Assorted Antiques.
  1114 | D:2      | 1114 ||| SHOPLISTING iron wand (124 gold, have 25).
  1114 | D:2      | 1114 ||| SHOPLISTING scroll labelled YXTAR ICWATZYM (31
                  | gold, have 25).
  1132 | D:2      | Noticed Natasha
  1137 | D:2      | Killed Natasha
  1138 | D:2      | Reached XP level 4. HP: 36/36 MP: 4/4
  1153 | D:2      | Found Wabiutzi's Distillery.
  1158 | D:2      | 1158 ||| SHOPLISTING potion of enlightenment (70 gold, have
                  | 25).
  1158 | D:2      | 1158 ||| SHOPLISTING potion of heal wounds (70 gold, have
                  | 25).
  1158 | D:2      | 1158 ||| SHOPLISTING potion of might (56 gold, have 25).
  1164 | D:2      | Found Xanashud's Book Boutique.
  1167 | D:2      | Noticed Sigmund
  1180 | D:2      | Killed Sigmund
  1181 | D:2      | Reached skill level 6 in Ranged Weapons
  1181 | D:2      | Reached XP level 5. HP: 39/41 MP: 5/5
  1254 | D:2      | Noticed Natasha
  1267 | D:2      | Killed Natasha
  1268 | D:2      | Reached XP level 6. HP: 18/50 MP: 6/6
  1270 | D:2      | HP: 6/50 [gnoll/+0 spear (8)]
  1272 | D:2      | Reached skill level 3 in Fighting
  1272 | D:2      | HP: 2/51 [gnoll/+0 spear (2)]
  1272 | D:2      | Slain by a quokka

Levels and vault maps discovered:
D:1:      dpeg_arrival_lava_temple_mockup, layout_loops_corners
D:2:      wad_woods_stonehenge, layout_basic, serial_shops,
          nicolae_shop_rolling_square, nicolae_shop_trees,
          nicolae_shop_temple_entry_statues_fountains, shop,
          nicolae_shop_statue_plus, basic_altar, uniq_natasha, uniq_sigmund,
          uniq_jessica

Skill      XL: |  1  2  3  4  5  6 |
---------------+-------------------+-----
Ranged Weapons | 3 4 6 |  6.5
Fighting       | 2 3 |  3.0
Dodging        | |  2.1
Spellcasting   | |  1.0
Hexes          | |  2.0

Action                     |  1- 3 |  4- 6 || total
---------------------------+-------+-------++-------
   Fire: Sling             |    99 |    48 ||   147
    Use: Scroll            |     8 |       ||     8
         Potion            |     1 |       ||     1
 Armour: Robe              |     6 |       ||     6
         Leather armour    |     5 |    17 ||    22
  Dodge: Dodged            |    24 |    23 ||    47

Table legend:
 A = Non-vault XP
 B = Vault XP
 C = Vault XP percentage of total XP
 D = Non-vault monster count
 E = Vault monster count
 F = Vault count percentage of total count
                 A         B        C        D         E       F
            +---------+---------+-------+---------+---------+-------
      Total |     118 |     297 |  71.6 |      37 |       6 |  14.0
            +---------+---------+-------+---------+---------+-------
        D:1 |      70 |       0 |   0.0 |      30 |       0 |   0.0
        D:2 |      48 |     297 |  86.1 |       7 |       6 |  46.2
            +---------+---------+-------+---------+---------+-------
